 Dungeon Crawl Stone Soup version 0.28-a0-909-g796cbd3a86 (webtiles) character file.

Game seed: 15039439437814521814

5047 ytrimaz the Cleaver (level 10, -6/88 HPs)
             Began as a Hill Orc Fighter on Nov 24, 2021.
             Was a Believer of Beogh.
             Killed from afar by an acid dragon (23 damage)
             ... with a splash of acid
             ... on level 9 of the Dungeon.
             The game lasted 00:11:57 (8360 turns).

ytrimaz the Cleaver (Hill Orc Fighter)              Turns: 8360, Time: 00:11:58

Health: -6/88      AC: 13    Str: 29    XL:     10   Next: 55%
Magic:  10/10      EV: 11    Int:  8    God:    Beogh [**....]
Gold:   1527       SH:  4    Dex: 10    Spells: 9/9 levels left

rFire   . . .      SeeInvis .   m - +2 war axe (vorpal)
rCold   . . .      Faith    .   c - +0 buckler
rNeg    . . .      Spirit   .   H - +1 steam dragon scales
rPois   .          Reflect  .   z - +2 helmet
rElec   .          Harm     .   (no cloak)
rCorr   .          Rampage  .   x - +0 pair of gloves
Will    .....                   e - +0 pair of boots
Stlth   +.........              d - amulet of regeneration
HPRegen 1.24/turn               D - +6 ring of strength
MPRegen 0.12/turn               (no ring)

@: no status effects
A: no striking features
a: Renounce Religion, Smiting


You were on level 9 of the Dungeon.
You worshipped Beogh.
Beogh was pleased with you.
You visited 1 branch of the dungeon, and saw 9 of its levels.

You collected 1527 gold pieces.

Inventory:

Hand Weapons
 a - a +1 war axe
 m - a +2 vorpal war axe (weapon)
 o - a +0 broad axe
Missiles
 h - 50 poisoned darts
 p - 5 javelins
 q - 5 boomerangs (quivered)
 I - 4 throwing nets
Armour
 c - a +0 buckler (worn)
 e - a +0 pair of boots (worn)
 x - a +0 pair of gloves (worn)
 z - a +2 helmet (worn)
 H - +1 steam dragon scales (worn)
Jewellery
 d - an amulet of regeneration (around neck)
 f - a +6 ring of intelligence
 D - a +6 ring of strength (left hand)
 E - an amulet of guardian spirit
Wands
 b - a wand of flame (5)
 B - a wand of paralysis (13)
 J - a wand of charming (7)
Scrolls
 j - a scroll of enchant armour
 l - a scroll of magic mapping
 s - a scroll of enchant weapon
 v - a scroll of fear
 y - a scroll of teleportation
 A - a scroll of silence
 C - a scroll of holy word
Potions
 g - a potion of invisibility
 i - a potion of flight {unknown}
 k - 2 potions of berserk rage
 n - a potion of resistance {unknown}
 r - a potion of heal wounds {unknown}
 t - 3 potions of curing
 u - a potion of haste {unknown}
 w - a potion of cancellation {unknown}
 F - a potion of magic {unknown}
 L - a potion of lignification {unknown}


   Skills:
 + Level 7.8 Fighting
 + Level 12.3 Axes
 * Level 7.9 Throwing
 + Level 7.2 Armour
 - Level 4.0 Shields


You had 9 spell levels left.
You didn't know any spells.
Your spell library contained the following spells:

 Spells                   Type           Power      Damage    Failure   Level
 Shock                    Conj/Air       0%         1d3       41%         1
 Blink                    Tloc           0%         N/A       54%         2
 Scorch                   Fire           0%         2d5       54%         2
 Static Discharge         Conj/Air       0%         N/A       54%         2
 Dazzling Flash           Conj/Hex       0%         N/A       78%         3
 Inner Flame              Hex/Fire       0%         N/A       78%         3
 Swiftness                Air            0%         N/A       78%         3
 Airstrike                Air            0%         N/A       99%         4
 Cause Fear               Hex            0%         N/A       99%         4
 Dispel Undead            Necr           0%         3d6       99%         4
 Flame Wave               Conj/Fire      0%         3d3       99%         4
 Iskenderun's Mystic Bla  Conj/Tloc      0%         2d3       99%         4
 Sticky Flame             Conj/Fire      0%         2d3       99%         4
 Agony                    Necr           0%         N/A       100%        5
 Manifold Assault         Tloc           0%         N/A       100%        5
 Silence                  Hex/Air        0%         N/A       100%        5
 Starburst                Conj/Fire      0%         6d3       100%        6
 Summon Cactus Giant      Summ           0%         N/A       100%        6
 Storm Form               Tmut/Air       0%         N/A       100%        7
 Discord                  Hex            0%         N/A       100%        8


Dungeon Overview and Level Annotations

Branches:
Dungeon (9/15)             Temple (0/1) D:7
   Lair: D:8-11         Orc: D:9-12

Altars:
Cheibriados
Gozag
Okawaru
Ru
Wu Jian
Yredelemnul
Zin

Annotations:
D:8 3 runed translucent doors, demibob's ghost, novice DsCK


Message History

Beogh accepts your kill.
You see here a wyvern corpse.
A komodo dragon comes into view.
The komodo dragon hisses angrily.
You hear a roar!
A komodo dragon is nearby!
A komodo dragon is nearby!
You throw a boomerang. The boomerang hits the komodo dragon.
The komodo dragon is lightly wounded.
You throw a boomerang.
The boomerang completely misses the komodo dragon.
You throw a boomerang. The boomerang hits the komodo dragon!
The komodo dragon is moderately wounded.
An acid dragon comes into view.
You throw a boomerang. The boomerang hits the komodo dragon!
The komodo dragon is heavily wounded.
You throw a boomerang.
The boomerang hits the komodo dragon but does no damage.
The komodo dragon is heavily wounded.
You throw a boomerang.
The boomerang barely misses the komodo dragon.
The boomerang closely misses the acid dragon.
The komodo dragon bites you!
You throw a boomerang.
The boomerang barely misses the komodo dragon.
The boomerang barely misses the acid dragon.
The komodo dragon barely misses you.
You barely miss the komodo dragon.
The komodo dragon is heavily wounded.
The komodo dragon bites you!!
You hit the komodo dragon.
The komodo dragon is heavily wounded.
The komodo dragon bites you!!
You slash the komodo dragon!
The komodo dragon is severely wounded.
The komodo dragon bites you!
* * * LOW HITPOINT WARNING * * *
Unknown command.
The acid dragon spits acid at you. The splash of acid hits you!!
You die...

.##'####......##...#.............
##### ##########################
#### .. ### #######.†. ....###.##
###.##†..### ......l..###
#.##..#### # #.....D.@..###....##
##.#.##..........## #
#.########.# ### ###


You could see a komodo dragon and an acid dragon (catching breath).

Vanquished Creatures
  Harold (D:8)
  5 wyverns
  2 steam dragons
  An acid dragon (D:8)
  3 water moccasins
  A hornet zombie (D:9)
  3 orc warriors
  A sky beast (D:6)
  A necrophage (D:5)
  4 ogres
  4 centaurs
  A phantom (D:4)
  2 kobold brigands
  2 bullfrogs
  2 scorpions
  A wyvern zombie (D:8)
  A wyvern skeleton (D:6)
  2 water moccasin skeletons
  Dowan (D:7)
  5 killer bees (D:9)
  4 wights (D:8)
  A howler monkey (D:5)
  A centaur zombie (D:9)
  2 bullfrog zombies (D:5)
  A hound (D:5)
  2 orc priests
  A centaur skeleton (D:5)
  A gnoll shaman (D:8)
  12 orc wizards
  3 gnolls (D:8)
  9 adders
  A howler monkey skeleton (D:5)
  A white imp (D:6)
  2 ufetubi
  An adder zombie (D:5)
  3 worms
  3 dart slugs (D:2)
  29 orcs
  6 ball pythons
  6 bats
  5 endoplasms
  7 giant cockroaches
  6 goblins
  6 hobgoblins
  8 jackals
  6 quokkas
  4 frilled lizards
  16 kobolds
  7 rats
  A spectral orc (D:6)
198 creatures vanquished.

Vanquished Creatures (others)
  Duvessa (D:7)
  An orc priest (D:4)
  A howler monkey zombie (D:8)
  2 orcs (D:4)
  4 fungi (D:1)
  9 plants (D:1)
18 creatures vanquished.

Grand Total: 216 creatures vanquished

Notes
Turn   | Place    | Note
-------+----------+-------------------------------------------
     0 | D:1      | ytrimaz the Hill Orc Fighter began the quest for the Orb.
     0 | D:1      | Reached XP level 1. HP: 19/19 MP: 1/1
    42 | D:1      | Reached XP level 2. HP: 6/27 MP: 2/2
   382 | D:1      | Found a faded altar of an unknown god.
   431 | D:1      | Reached skill level 3 in Axes
   661 | D:1      | Reached XP level 3. HP: 33/33 MP: 3/3
  1114 | D:2      | Reached skill level 4 in Axes
  1267 | D:2      | Reached XP level 4. HP: 22/40 MP: 4/4
  2216 | D:3      | Found a snail-covered altar of Cheibriados.
  2731 | D:3      | Reached XP level 5. HP: 47/47 MP: 5/5
  2735 | D:3      | Reached skill level 5 in Axes
  3579 | D:4      | Became a worshipper of Beogh the Brigand
  3581 | D:4      | Reached XP level 6. HP: 51/55 MP: 6/6
  3699 | D:4      | Reached skill level 5 in Fighting
  3699 | D:4      | Reached skill level 6 in Axes
  3800 | D:4      | Found an ornate altar of the Wu Jian Council.
  3837 | D:4      | Reached skill level 1 in Throwing
  3879 | D:4      | Reached XP level 7. HP: 51/61 MP: 7/7
  3961 | D:4      | Found a sacrificial altar of Ru.
  4050 | D:5      | Entered Level 5 of the Dungeon
  4080 | D:5      | Noticed a wyvern
  4088 | D:6      | Reached skill level 7 in Axes
  4197 | D:6      | Reached skill level 5 in Armour
  4314 | D:6      | Found a basalt altar of Yredelemnul.
  4556 | D:5      | Reached skill level 8 in Axes
  4556 | D:5      | Reached XP level 8. HP: 48/70 MP: 8/8
  4639 | D:5      | Reached * piety under Beogh
  4665 | D:5      | Reached skill level 9 in Axes
  4719 | D:5      | Killed a wyvern
  5088 | D:5      | Identified a scroll of acquirement
  5089 | D:5      | Acquired 1118 gold pieces
  5765 | D:7      | Reached XP level 9. HP: 75/75 MP: 9/9
  5825 | D:7      | Noticed Duvessa
  5826 | D:7      | Noticed Dowan
  5830 | D:7      | Killed Duvessa
  5836 | D:7      | Killed Dowan
  5838 | D:7      | Reached skill level 10 in Axes
  5997 | D:7      | Found a staircase to the Ecumenical Temple.
  6788 | D:8      | Reached skill level 5 in Throwing
  7029 | D:8      | Found a runed translucent gate.
  7029 | D:8      | Found a runed translucent gate.
  7029 | D:8      | Found a runed translucent gate.
  7030 | D:8      | Found an opulent altar of Gozag.
  7031 | D:8      | Noticed an efreet
  7163 | D:8      | Noticed Harold
  7180 | D:8      | Killed Harold
  7180 | D:8      | Reached ** piety under Beogh
  7181 | D:8      | Reached skill level 11 in Axes
  7181 | D:8      | Reached XP level 10. HP: 51/86 MP: 10/10
  7351 | D:8      | Noticed demibob's ghost (novice DsCK)
  7888 | D:9      | Reached skill level 12 in Axes
  8066 | D:9      | Found a glowing silver altar of Zin.
  8101 | D:9      | Found an iron altar of Okawaru.
  8360 | D:9      | Killed from afar by an acid dragon

Illustrated notes

Levels and vault maps discovered:
D:1:      wander_arrival_desolate, layout_basic,
          shapermc_ecumenical_altar_mp_urbaneastern
D:2:      layout_basic, minmay_misc_feat_diagonals
D:3:      layout_basic, cheibrodos_worm_habitat, minmay_misc_feat_encased,
          st_stairs_12, minmay_misc_feat_tiny, minmay_misc_feat_roman,
          minmay_box_of_dots
D:4:      layout_rooms, general_overflow_altar, nicolae_ru_sacrificial_ziggurat,
          st_stairs_12, hex_intersection, item_on_display_a
D:5:      layout_rooms, minmay_chambers_of_fives
D:6:      layout_loops_corners, yredelemnul_forgotten_temple_becter,
          nrook_loot_triangle
D:7:      layout_cave_pods, minmay_temple_entry_grid, minmay_misc_feat_tower,
          ebering_dispersal_statue_hall, mrwooster_statue_mirror,
          palyth_stone_intersect, uniq_duvessa
D:8:      layout_layer_cave, ebering_ghost_gozag, uniq_harold
D:9:      layout_stronghold, mainiacjoe_overflow_brackets, old_standard_altar,
          erik_lair_dragon, minmay_misc_feat_alley

Skill      XL: |  1  2  3  4  5  6  7  8  9 10 |
---------------+-------------------------------+-----
Axes           | 3 4 5 6 8 9 11 12 | 12.3
Fighting       | 4 5 6 7 |  7.8
Armour         | 4 5 6 7 |  7.2
Shields        | 4 |  4.0
Throwing       | 1 2 3 6 7 |  7.9

Action                   |  1- 3 |  4- 6 |  7- 9 | 10-12 || total
-------------------------+-------+-------+-------+-------++-------
Melee: War axe           |    92 |   151 |   158 |    88 ||   489
Throw: Boomerang         |       |     4 |    57 |    61 ||   122
       Dart              |       |     1 |     5 |       ||     6
Invok: Convert to Beogh  |       |     1 |       |       ||     1
  Use: Scroll            |     4 |     5 |    11 |     3 ||    23
       Potion            |       |     1 |     1 |       ||     2
 Stab: Invisible         |       |       |     2 |       ||     2
Armor: Scale mail        |    58 |    72 |    33 |       ||   163
       Steam dragon scal |       |       |    28 |    55 ||    83
Dodge: Dodged            |    59 |    79 |    88 |    61 ||   287
Block: Buckler           |    35 |    34 |    51 |    29 ||   149

Table legend: (Time is in decaauts)
 A = Elapsed time spent in this place.
 B = Non-inter-level travel time spent in this place.
 C = Inter-level travel time spent in this place.
 D = Time resting spent in this place.
 E = Time spent auto-exploring this place.
 F = Levels seen in this place.
 G = Mean time per level.
                   A        B        C        D        E       F      G
               +--------+--------+--------+--------+--------+-----+--------+
         Total |   8440 |   8255 |    185 |    357 |   6238 |   9 |  937.8 |
       Dungeon |   8440 |   8255 |    185 |    357 |   6238 |   9 |  937.8 |
               +--------+--------+--------+--------+--------+-----+--------+

Top non-repeatable levels by time:
     D:3: 1469 daAuts
     D:8: 1168 daAuts
     D:1: 1017 daAuts
     D:2: 987 daAuts
     D:6: 953 daAuts
     D:7: 883 daAuts
     D:9: 682 daAuts
     D:4: 659 daAuts
     D:5: 618 daAuts
